 Dungeon Sprint DCSS version 0.32-a0-473-gd044c6f0f0 (webtiles) character file.

Game seed: 9809525530199830843

157 rocky1 the Carver (level 5, 0/57 HPs)
             Began as a Coglin Gladiator on Feb 26, 2024.
             Was an Initiate of Gozag.
             Succumbed to a scorpion's poison
             ... in the Dungeon (Sprint VII: "The Pits").
             The game lasted 00:01:01 (407 turns).

rocky1 the Carver (Coglin Gladiator)                 Turns: 407, Time: 00:01:02

Health: 0/57       AC:  4    Str: 15    XL:     5   Next: 38%
Magic:  5/5        EV: 12    Int:  7    God:    Gozag
Gold:   288        SH:  0    Dex: 17    Spells: 4/4 levels left

rFire   . . .        a - +0 long sword {Fatehjeet}
rCold   . . .        l - +2 falchion {Iseul}
rNeg    . . .        b - +0 leather armour
rPois   .            c - +0 helmet
rElec   .            (no cloak)
rCorr   .            (no gloves)
SInv    .            (no boots)
Will    .....        (no amulet) Stlth
                     (ring unavailable)
HPRegen 0.29/turn    (ring unavailable)
MPRegen 0.09/turn

%: no teleportation
@: berserking, lethally poisoned (0 -> -7), gold aura, revved, very quick
A: off-hand wielding, slow wielding, warmup strikes, no rings
a: Renounce Religion, Potion Petition, Call Merchant, Bribe Branch


You were in the Dungeon.
You worshipped Gozag.
Gozag was aware of your devotion.
You visited 1 branch You collected 288 gold pieces.

Inventory:

Hand Weapons
 a - a +0 long sword (weapon) {Fatehjeet}
 l - a +2 falchion (offhand) {Iseul}
Missiles
 d - 3 throwing nets (quivered)
 e - a javelin
Armour
 b - a +0 leather armour (worn)
 c - a +0 helmet (worn)
Scrolls
 k - a scroll of blinking
 n - 2 scrolls of vulnerability
 o - 5 scrolls of amnesia
 p - a scroll of summoning
Potions
 f - a potion of curing
 g - a potion of heal wounds
 h - a potion of haste
 i - 4 potions of magic
 j - 2 potions of berserk rage
 m - 2 potions of invisibility


   Skills:
 - Level 2.0 Fighting
 + Level 10.9 Long Blades
 - Level 1.7 Throwing
 - Level 2.6 Dodging


You had 4 spell levels left.
You didn't know any spells.
Your spell library was empty.

Dungeon Overview and Level Annotations

Branches:
Dungeon (1/1)

Altars:
Ashenzari
Cheibriados
Dithmenos
Elyvilon
Fedhas
Gozag
Hepliaklqana
Kikubaaqudgha
Makhleb
Nemelex Xobeh
Okawaru
Qazlal
Ru
Sif Muna
Trog
Uskayaw
Vehumet
Wu Jian
Xom
Yredelemnul
Zin
The Shining One
Beogh
Jiyva
Lugonu


Innate Abilities, Weirdness & Mutations

You can wield a second weapon in your off-hand.
It takes a long time for you to wield or remove held weapons.
Your first few attacks do less damage.
Your grasper-arms cannot wear rings.


Message History

The scorpion is lightly wounded.
You barely miss the scorpion with your +2 falchion.
You hit the scorpion with your +2 falchion.
The scorpion is moderately wounded.
You closely miss the scorpion with your +0 long sword.
The scorpion stings you.
* * * LOW HITPOINT WARNING * * *
The frilled lizard closely misses you.
You slash the scorpion with your +2 falchion!
The scorpion is almost dead.
You barely miss the scorpion with your +0 long sword.
The scorpion stings you.
* * * LOW HITPOINT WARNING * * *
You are lethally poisoned!
The scorpion poisons you!
You closely miss the scorpion with your +2 falchion.
The scorpion is almost dead.
You barely miss the scorpion with your +0 long sword.
* * * LOW HITPOINT WARNING * * *
You feel sick. The frilled lizard bites you.
* * * LOW HITPOINT WARNING * * *
The scorpion barely misses you.
You barely miss the scorpion with your +0 long sword.
The scorpion is almost dead.
You slash the scorpion with your +2 falchion!
You kill the scorpion!
* * * LOW HITPOINT WARNING * * *
You feel sick. The rat barely misses you.
The frilled lizard bites you but does no damage.
Your Long Blades skill increases to level 10!
You have reached level 5!
You hit the frilled lizard with your +2 falchion.
You kill the frilled lizard!
* * * LOW HITPOINT WARNING * * *
You feel sick.
Unknown command.
You closely miss the rat with your +2 falchion.
You barely miss the rat with your +0 long sword.
You die...
Your body crumbles into a pile of gold.

#_______...##########
##########'##........
#..(.')))'.##......#.
##########.##........
#...........'........
#+#####'#####......#.
#..#.)#..##........
#..)..'..#####'####
##@####+###.......#
#r$$.....##.......#
#........##.......#
#####+#####...<...#
#.......# #.......#
#.......# #########


You could see a rat.

Vanquished Creatures
  A crocodile (D)
  A scorpion (D)
  An ufetubus (D)
  An endoplasm (D)
  A ball python (D)
  A ball python zombie (D)
  A frilled lizard (D)
  2 kobolds (D)
9 creatures vanquished.

Notes
Turn   | Place    | Note
-------+----------+-------------------------------------------
     0 | D        | rocky1 the Coglin Gladiator began the quest for the Orb.
     0 | D        | Reached XP level 1. HP: 16/16 MP: 1/1
    48 | D        | Found a bloodstained altar of Trog.
    48 | D        | Found a shimmering blue altar of Sif Muna.
    48 | D        | Found a viscous altar of Jiyva.
    48 | D        | Found a hazy altar of Hepliaklqana.
    48 | D        | Found an opulent altar of Gozag.
    49 | D        | Found a glowing golden altar of the Shining One.
    49 | D        | Found a glowing silver altar of Zin.
    49 | D        | Found a basalt altar of Yredelemnul.
    49 | D        | Found a shimmering altar of Xom.
    49 | D        | Found an ornate altar of the Wu Jian Council.
    49 | D        | Found a sacrificial altar of Ru.
    49 | D        | Found a stormy altar of Qazlal.
    49 | D        | Found an iron altar of Okawaru.
    49 | D        | Found a sparkling altar of Nemelex Xobeh.
    49 | D        | Found a burning altar of Makhleb.
    49 | D        | Found a blossoming altar of Fedhas.
    49 | D        | Found a white marble altar of Elyvilon.
    49 | D        | Found a shadowy altar of Dithmenos.
    49 | D        | Found a snail-covered altar of Cheibriados.
    53 | D        | Found a roughly hewn altar of Beogh.
    53 | D        | Found a corrupted altar of Lugonu.
    53 | D        | Found a radiant altar of Vehumet.
    54 | D        | Found a broken altar of Ashenzari.
    54 | D        | Found an ancient bone altar of Kikubaaqudgha.
    54 | D        | Found a hide-covered altar of Uskayaw.
    56 | D        | Became a worshipper of Gozag Ym Sagoz the Greedy
    75 | D        | Reached skill level 4 in Long Blades
   187 | D        | Reached skill level 5 in Long Blades
   187 | D        | Reached XP level 2. HP: 22/22 MP: 2/2
   395 | D        | Noticed a crocodile
   397 | D        | Noticed a scorpion
   400 | D        | Killed a crocodile
   401 | D        | Reached skill level 9 in Long Blades
   401 | D        | Reached XP level 3. HP: 8/27 MP: 3/3
   401 | D        | Reached XP level 4. HP: 10/33 MP: 4/4
   405 | D        | Killed a scorpion
   406 | D        | Reached skill level 10 in Long Blades
   406 | D        | Reached XP level 5. HP: 3/38 MP: 5/5
   406 | D        | HP: 2/57 [poisoned by a scorpion]
   407 | D        | Succumbed to a scorpion's poison

Illustrated notes

Levels and vault maps discovered:
D:        pitsprint [storerooms_1, entrance_room_1, metal_vault_1, armoury_2,
          mini_pit_1, grid_room_1, main_hall_1, silver_pit, the_coven_1,
          the_vestibule_1, steel_vault_1, golden_pit, hallway_of_sentries,
          crystal_vault_4, iron_vault_5, final_vault]

Skill      XL: |  1  2  3  4 |
---------------+-------------+-----
Long Blades    | 5 9 10 | 10.9
Fighting       | |  2.0
Throwing       | |  1.7
Dodging        | |  2.6

Action                     |  1- 3 |  4- 6 || total
---------------------------+-------+-------++-------
  Melee: Long sword        |    13 |     6 ||    19
         Falchion          |     9 |     7 ||    16
    Use: Potion            |     1 |       ||     1
 Armour: Leather armour    |     5 |     4 ||     9
  Dodge: Dodged            |     5 |     3 ||     8

Table legend: (Time is in decaauts)
 A = Elapsed time spent in this place.
 B = Non-inter-level travel time spent in this place.
 C = Inter-level travel time spent in this place.
 D = Time resting spent in this place.
 E = Time spent auto-exploring this place.
 F = Levels seen in this place.
 G = Mean time per level.
                   A        B        C        D        E       F      G
               +--------+--------+--------+--------+--------+-----+--------+
         Total |    405 |    405 |      0 |    300 |      0 |   1 |  405.0 |
       Dungeon |    405 |    405 |      0 |    300 |      0 |   1 |  405.0 |
               +--------+--------+--------+--------+--------+-----+--------+

Top non-repeatable levels by time:
       D: 405 daAuts
